 Dungeon Crawl Stone Soup version 0.30.0-29-ga12c61a403 (webtiles) character file.

Game seed: 3868643034277723227

634 spyp the Shield-Bearer (level 7, -12/43 HPs)
             Began as a Gargoyle Fighter on June 9, 2023.
             Killed by divine providence
             ... invoked by an orc priest
              (13 damage)
             ... on level 5 of the Dungeon.
             The game lasted 00:05:02 (3440 turns).

spyp the Shield-Bearer (Gargoyle Fighter)           Turns: 3440, Time: 00:05:02

Health: -12/43     AC: 13    Str: 29    XL:     7   Next: 49%
Magic:  7/7        EV:  8    Int:  8    God:
Gold:   145        SH:  0    Dex:  9    Spells: 6/6 levels left

rFire   . . .        a - +0 war axe
rCold   . . .        f - +2 tower shield
rNeg    + . .        b - +0 scale mail
rPois   ∞            i - +0 helmet
rElec   +            p - scarf "Kizenige" {shadows, Str+7}
rCorr   .            (no gloves)
SInv    .            (no boots)
Will    .....        (no amulet) Stlth
                     (no ring)
HPRegen 0.27/turn    (no ring)
MPRegen 0.10/turn

%: no passive effects
@: confused, mighty
A: sickness immunity, AC +4, negative energy resistance 1, electricity
resistance, torment resistance 1, petrification resistance
a: no special abilities


You were on level 5 of the Dungeon.
You visited 1 branch of the dungeon, and saw 6 of its levels.
You also visited: Sewer.

You collected 145 gold pieces.

Inventory:

Hand Weapons
 a - a +0 war axe (weapon)
Missiles
 s - a throwing net (quivered)
Armour
 b - a +0 scale mail (worn)
 f - a +2 tower shield (worn)
 i - a +0 helmet (worn)
 p - the scarf "Kizenige" (worn) {shadows, Str+7}
   (You found it on level 2 of the Dungeon)

   Str:       It affects your strength (+7).
Jewellery
 w - an amulet of faith
Wands
 t - a wand of charming (4)
Scrolls
 c - 3 scrolls of vulnerability
 d - a scroll of blinking
 e - a scroll of enchant armour
 j - 2 scrolls of fog
 k - a scroll of poison {unknown}
 n - 2 scrolls of brand weapon {unknown}
 o - a scroll of torment {unknown}
 r - a scroll of identify
 u - a scroll of teleportation {unknown}
Potions
 g - 3 potions of lignification {unknown}
 h - 2 potions of attraction {unknown}
 l - 2 potions of curing
 m - 2 potions of flight {unknown}
 q - a potion of degeneration {unknown}


   Skills:
 + Level 4.2 Fighting
 + Level 5.0 Axes
 + Level 4.4 Armour
 + Level 1.5 Dodging
 + Level 5.4 Shields


You had 6 spell levels left.
You didn't know any spells.
Your spell library contained the following spells:

 Spells                   Type           Power      Damage    Failure   Level
 Magic Dart               Conj           0%         1d3       98%         1
 Sting                    Tmut/Pois      0%         1d3       98%         1
 Poisonous Vapours        Pois/Air       0%         N/A       99%         2
 Searing Ray              Conj           0%         2d4       99%         2
 Fulminant Prism          Conj/Hex       0%         3d5       100%        4
 Olgreb's Toxic Radiance  Pois           0%         N/A       100%        4


Dungeon Overview and Level Annotations

Branches:
Dungeon (6/15)              Sewer (visited)
 Temple: D:4-7

Altars:
Wu Jian

Shops:
D:2 (


Innate Abilities, Weirdness & Mutations

You are immune to sickness and miasma.
Your stone body is resilient. (AC +4)
You are immune to poison.
You resist negative energy. (rN+)
You are resistant to electric shocks. (rElec)
You are resistant to unholy torment.
You are immune to petrification.


Message History

The orc priest looks encouraged for a moment.
The orc wizard gestures wildly while chanting.
The orc wizard flickers and vanishes!
Deactivating autopickup; reactivate with Ctrl-A.
You closely miss something. You closely miss the scorpion.
You block the scorpion's attack. Something hits you but does no damage.
The orc throws a boomerang.
You block the boomerang.
The orc priest mumbles some strange prayers to Beogh against you.
Beogh smites you! The scorpion barely misses you.
You closely miss something. You completely miss the scorpion.
Something hits you but does no damage.
The orc priest invokes the aid of Beogh against you.
Beogh smites you!
The scorpion stings you but does no damage.
Something hits you.
* * * LOW HITPOINT WARNING * * *
You block the scorpion's attack.
You feel very mighty all of a sudden.
You hear some strange, mumbled words.
You are confused.
The orc throws a boomerang.
The boomerang barely misses you. The scorpion completely misses you.
Unknown command.
You closely miss something. You barely miss the scorpion.
The scorpion stings you.
* * * LOW HITPOINT WARNING * * *
Something completely misses you.
The scorpion stings you but does no damage.
Unknown command.
You closely miss something. You barely miss the scorpion.
Something hits you but does no damage.
The scorpion stings you but does no damage.
You hear some strange, mumbled words.
A puff of flame appears from out of thin air!
The puff of flame hits you!
* * * LOW HITPOINT WARNING * * *
The orc throws a boomerang.
The boomerang barely misses you.
The orc priest invokes the aid of Beogh against you.
Beogh smites you!
You die...

....##### ........#
#######.######.# #
#......... # #.######.#
# #.# #?# # #.# #.# # #
#.### #.###.####
#######...####.s@{o....
..............####o####
###...≈≈≈≈≈≈≈.# #
#..≈≈≈≈≈≈...#
#..≈≈_....8.#
##.≈≈≈≈≈≈...#
#..≈≈≈≈≈≈≈.#
#...[......>


You could see a scorpion, an orc priest and an orc.

Vanquished Creatures
  An ice beast (D:5)
  2 bullfrogs (Sewer)
  2 hounds
  A sleepcap (D:5)
  Natasha (twice) (D:3)
  An iguana (D:5)
  Robin (D:3)
  7 adders
  4 river rats (D:5)
  3 worms (D:5)
  4 dart slugs
  6 orcs
  12 ball pythons
  11 endoplasms
  12 giant cockroaches
  14 goblins
  6 hobgoblins
  4 jackals (D:4)
  12 quokkas
  2 bats (D:1)
  10 frilled lizards
  3 kobolds
  4 rats
124 creatures vanquished.

Vanquished Creatures (collateral kills)
  A worm (D:5)
1 creature vanquished.

Vanquished Creatures (others)
  A water moccasin (D:5)
1 creature vanquished.

Grand Total: 126 creatures vanquished

Notes
Turn   | Place    | Note
-------+----------+-------------------------------------------
     0 | D:1      | spyp the Gargoyle Fighter began the quest for the Orb.
     0 | D:1      | Reached XP level 1. HP: 14/14 MP: 1/1
    72 | D:1      | Reached XP level 2. HP: 19/19 MP: 2/2
   420 | D:1      | Reached XP level 3. HP: 23/23 MP: 3/3
  1139 | D:2      | Found Aklageodu's Weapon Shoppe.
  1272 | D:2      | Reached XP level 4. HP: 27/29 MP: 4/4
  1282 | D:2      | Identified the scarf "Kizenige" {shadows, Str+7}
  1502 | D:2      | Found a faded altar of an unknown god.
  1653 | D:3      | Noticed Natasha
  1666 | D:3      | Killed Natasha
  1987 | D:3      | Noticed Robin
  2019 | D:3      | Killed Robin
  2020 | D:3      | Reached XP level 5. HP: 15/33 MP: 5/5
  2248 | D:3      | Noticed Natasha
  2254 | D:3      | Killed Natasha
  2416 | D:4      | Identified the +2 trident of Fiyroe Ovyz {heavy, *Corrode
                  | rElec Dex+3}
  2550 | D:4      | You fall into a shaft and drop 2 floors!
  2603 | D:5      | Entered Level 5 of the Dungeon
  2609 | D:5      | Noticed a water moccasin
  2625 | D:5      | Noticed an ice beast
  2640 | D:5      | Reached XP level 6. HP: 10/38 MP: 6/6
  2643 | D:5      | Killed an ice beast
  2644 | D:5      | Reached skill level 1 in Dodging
  2705 | D:5      | Found a glowing drain.
  2719 | Sewer    | Entered a sewer
  3056 | Sewer    | Reached skill level 5 in Shields
  3078 | Sewer    | Reached XP level 7. HP: 27/43 MP: 7/7
  3081 | Sewer    | Identified the staff of air "Letebbai" {rElec rCorr Str+3
                  | Int+3}
  3410 | D:5      | Found an ornate altar of the Wu Jian Council.
  3418 | D:5      | Reached skill level 5 in Axes
  3440 | D:5      | HP: 1/43 [something/puff of flame (9)]
  3440 | D:5      | Killed from afar by an orc priest

Illustrated notes

Levels and vault maps discovered:
D:1:      dpeg_arrival_three_same_balls, layout_loops_ring, minivault_24
D:2:      layout_loops_ring, basic_ecumenical_altar, serial_shops,
          nicolae_shop_stone, minmay_close_crescents
D:3:      layout_loops_ring, minmay_misc_feat_plants, lightli_corner_chamber,
          uniq_robin, uniq_natasha
D:4:      layout_loops_ring, gammafunk_ghost_cemetery, serial_shops,
          nicolae_book_shop_shelving
D:5:      layout_loops_ring, mainiacjoe_overflow_catwalk,
          lightli_sewer_entry_pipes, minmay_fountain_box
D:6:      layout_basic, dancing_weapons_uskayaw, minmay_temple_entry_overgrown,
          serial_glass, glass_columns_c, glass_columns_a,
          kennysheep_decorative_pillar, chequers_serial_rivers_small_b,
          hangedman_glass_teeth, uniq_grinder

Skill      XL: |  1  2  3  4  5  6  7 |
---------------+----------------------+-----
Axes           | 2 3 4 5 |  5.0
Shields        | 4 5 |  5.4
Armour         | 4 |  4.4
Dodging        | 1 |  1.5
Fighting       | 4 |  4.2

Action                     |  1- 3 |  4- 6 |  7- 9 || total
---------------------------+-------+-------+-------++-------
  Melee: War axe           |    77 |   238 |    68 ||   383
  Evoke: Wand              |       |     1 |       ||     1
    Use: Scroll            |     2 |     1 |       ||     3
         Potion            |       |     2 |     1 ||     3
 Armour: Scale mail        |    35 |   127 |    25 ||   187
  Dodge: Dodged            |    35 |    82 |    16 ||   133
  Block: Buckler           |     8 |       |       ||     8
         Tower shield      |    33 |   249 |    39 ||   321
